 Dungeon Crawl Stone Soup version 0.18.1-50-g88ac8fd (webtiles) character file.

154 Chiseanne the Ducker (level 5, -1/25 HPs)
             Began as a Spriggan Warper on Oct 2, 2016.
             Killed from afar by Natasha (5 damage)
             ... with a magic dart
             ... on level 4 of the Dungeon.
             The game lasted 00:08:31 (3801 turns).

Chiseanne the Ducker (Spriggan Warper)              Turns: 3801, Time: 00:08:31

Health: -1/25      AC:  2    Str:  7    XL:     5   Next: 13%
Magic:  10/12      EV: 21    Int: 15    God:
Gold:   68         SH:  0    Dex: 16    Spells: 3 memorised, 7 levels left

rFire  . . .     SeeInvis +     a - +2 dagger (venom)
rCold  . . .     Gourm    .     b - +0 robe
rNeg   . . .     Faith    .     (shield restricted)
rPois  .         Spirit   .     (helmet restricted)
rElec  .         Dismiss  .     (no cloak)
rCorr  .         Reflect  .     (gloves unavailable)
SustAt .         Harm     .     (boots unavailable)
MR     .....                    (no amulet)
Stlth  +.........               (no ring)
                                (no ring)

@: shrouded, very quick, not resistant to hostile enchantments, very unstealthy
A: unfitting armour, see invisible, herbivore 3, speed 3, slow metabolism 2
a: no special abilities


You were on level 4 of the Dungeon.
You were full.

You visited 1 branch of the dungeon, and saw 4 of its levels.

You collected 68 gold pieces.

Inventory:

Hand Weapons
 a - a +2 dagger of venom (weapon)
 s - a +3 whip of draining
Missiles
 e - 5 tomahawks of dispersal (quivered)
 g - 60 stones
 h - 50 arrows
 i - 34 bolts
 l - 9 poisoned needles
 r - 2 tomahawks
Armour
 b - a +0 robe (worn)
Jewellery
 m - an uncursed ring of flight {unknown}
 n - an uncursed ring of see invisible {unknown}
 o - an uncursed ring of sustain attributes {unknown}
 p - an uncursed ring of see invisible {unknown}
Wands
 v - a wand of paralysis (14/24)
Scrolls
 d - a scroll of blinking
 k - 4 scrolls of teleportation
Potions
 j - a potion of flight {unknown}
 q - 3 potions of curing
 t - a potion of heal wounds {unknown}
 u - a potion of agility {unknown}
 w - a potion of haste {unknown}
Books
 c - a book of Spatial Translocations

   Spells                             Type                      Level
   a - Apportation                    Translocation                1
   b - Blink                          Translocation                2
   c - Shroud of Golubria             Charms/Translocation         2
   d - Portal Projectile              Translocation                3
   e - Teleport Other                 Translocation                3
   f - Passage of Golubria            Translocation                4
Comestibles
 f - 2 bread rations


   Skills:
 - Level 1.5 Fighting
 - Level 2.1 Short Blades
 - Level 1.0 Throwing
 * Level 5.9 Dodging
 * Level 4.2 Spellcasting
 * Level 5.7 Translocations


You had 7 spell levels left.
You knew the following spells:

 Your Spells              Type           Power        Failure   Level  Hunger
a - Apportation           Tloc           ###.......   1%          1    None
b - Blink                 Tloc           N/A          2%          2    ##.....
c - Shroud of Golubria    Chrm/Tloc      ##........   12%         2    ##.....


Dungeon Overview and Level Annotations

Branches:
Dungeon (4/15)
 Temple: D:4-7

Altars:
Elyvilon
Nemelex Xobeh
Pakellas
Ru
Sif Muna
Zin
The Shining One

Annotations:
D:4 Chiseanne's ghost, amateur SpWr; Natasha


Innate Abilities, Weirdness & Mutations

You are tiny and cannot use many weapons and most armour.
You have supernaturally acute eyesight.
You are a herbivore.
You cover ground extremely quickly.
You need consume almost no food.


Message History

Space distorts slightly along a thin shroud covering your body.
Natasha completely misses you.
You barely miss Natasha.
Natasha mumbles some strange words.
You hit Natasha but do no damage. Natasha completely misses you.
You barely miss Natasha. The white imp gestures at you.
The puff of frost hits you!
Natasha casts a spell.
You hit Natasha but do no damage. The white imp completely misses you.
Natasha misses you.
You hit Natasha.
Natasha is poisoned.
Natasha is moderately wounded.
The crimson imp closely misses you. The white imp gestures at you.
The puff of frost hits you!
* * * LOW HITPOINT WARNING * * *
Natasha stares at you and mumbles some strange words.
The magic dart hits you!
You die...

#..#
####..#
#.....#
#.###.#
#.#...#
#.#!###
#.#.#####
#.#5....#
#.5@h...#
#.#######
###


You could see Natasha, a crimson imp and a white imp.

Vanquished Creatures
  Terence (D:2)
  3 adders
  An ooze (D:3)
  An adder skeleton (D:4)
  A worm (D:2)
  A dart slug (D:1)
  2 giant geckos
  13 orcs
  6 giant cockroaches
  8 hobgoblins
  A jackal (D:4)
  2 ball pythons (D:2)
  7 bats
  4 giant newts
  9 goblins
  8 kobolds
  6 rats
74 creatures vanquished.

Notes
Turn   | Place    | Note
--------------------------------------------------------------
     0 | D:1      | Chiseanne the Spriggan Warper began the quest for the Orb.
     0 | D:1      | Reached XP level 1. HP: 10/10 MP: 5/5
   437 | D:1      | Reached XP level 2. HP: 14/14 MP: 6/6
  1027 | D:1      | Reached skill level 5 in Translocations
  1150 | D:1      | Learned a level 2 spell: Blink
  1153 | D:1      | Learned a level 2 spell: Shroud of Golubria
  1177 | D:1      | Reached XP level 3. HP: 18/18 MP: 8/8
  1637 | D:2      | Found an oddly glowing altar of Pakellas.
  1965 | D:2      | Found a sacrificial altar of Ru.
  2042 | D:2      | Noticed Terence
  2212 | D:2      | Found a deep blue altar of Sif Muna.
  2230 | D:2      | Killed Terence
  2230 | D:2      | Reached skill level 5 in Dodging
  2230 | D:2      | Reached XP level 4. HP: 15/22 MP: 8/10
  2836 | D:3      | Found a sparkling altar of Nemelex Xobeh.
  2888 | D:3      | Reached XP level 5. HP: 24/25 MP: 12/12
  2929 | D:3      | Found a glowing golden altar of the Shining One.
  2929 | D:3      | Found a glowing silver altar of Zin.
  2930 | D:3      | Found a white marble altar of Elyvilon.
  3516 | D:4      | Noticed Chiseanne's ghost (amateur SpWr)
  3792 | D:4      | Noticed Natasha
  3801 | D:4      | Killed from afar by Natasha

Skill      XL: |  1  2  3  4 |
---------------+-------------+-----
Dodging        | 4 5 |  5.9
Spellcasting   | 3 4 |  4.2
Translocations | 5 |  5.7
Fighting       | |  1.5
Short Blades   | |  2.1
Throwing       | |  1.0

Action                   |  1- 3 |  4- 6 || total
-------------------------+-------+-------++-------
Melee: Short sword       |   164 |       ||   164
       Whip              |    18 |    42 ||    60
       Dagger            |       |    59 ||    59
 Cast: Shroud of Golubri |     5 |     4 ||     9
  Use: Scroll            |     4 |     4 ||     8
 Stab: Sleeping          |     1 |     1 ||     2
  Eat: Bread ration      |       |     1 ||     1
Armor: Robe              |    17 |     5 ||    22
Dodge: Dodged            |   169 |    73 ||   242
